 Dungeon Crawl Stone Soup version 0.31.0-11-ge490571c62 (webtiles) character file.

Game seed: 4427908165764021174

39056 BillyBaka the Severer (level 13, 0/122 HPs)
             Began as a Minotaur Fighter on Feb 1, 2024.
             Was an Initiate of Gozag.
             Shot with an arrow by Nessos (6 damage)
             ... on level 4 of the Lair of Beasts.
             The game lasted 01:30:38 (20670 turns).

BillyBaka the Severer (Minotaur Fighter)           Turns: 20670, Time: 01:30:39

Health: 0/122      AC: 16    Str: 28    XL:     13   Next: 67%
Magic:  12/12      EV:  9    Int:  5    God:    Gozag
Gold:   3219       SH: 15    Dex: 12    Spells: 12/12 levels left

rFire   . . .        O - +2 broad axe (protect)
rCold   + + +        S - +0 tower shield {rC+}
rNeg    . . .        C - +1 plate armour {rPois}
rPois   +            (helmet restricted)
rElec   .            R - +0 cloak {rC+}
rCorr   +            Q - +2 pair of gloves
SInv    .            W - +0 pair of boots {Fly}
Will    .....        (no amulet) Stlth
                     I - ring of protection from cold
HPRegen 0.40/turn    B - ring "Vuigiah" {rCorr Str+4}
MPRegen 0.13/turn

%: no passive effects
@: flying, slowed, very slow
A: horns 2, retaliatory headbutt, deformed body
a: Renounce Religion, Potion Petition, Call Merchant, Bribe Branch


You were on level 4 of the Lair of Beasts.
You worshipped Gozag.
Gozag was most pleased with you.
You visited 3 branches of the dungeon, and saw 16 of its levels.
You also visited: Ice Cave.

You collected 4162 gold pieces.
You spent 908 gold pieces at shops.
You paid 35 gold pieces to Gozag.

Inventory:

Hand Weapons
 O - a +2 broad axe of protection (weapon)
Missiles
 h - a boomerang
 q - 17 curare-tipped darts
 r - 17 poisoned darts (quivered)
 u - 9 javelins
 E - 2 throwing nets
Armour
 C - a +1 plate armour of poison resistance (worn)
 Q - a +2 pair of gloves (worn)
 R - a +0 cloak of cold resistance (worn)
 S - a +0 tower shield of cold resistance (worn)
 U - a +2 robe of fire resistance
 W - a +0 pair of boots of flying (worn)
Jewellery
 a - a ring of protection from cold
 x - a ring of flight
 B - the ring "Vuigiah" (right hand) {rCorr Str+4}
   (You found it on level 6 of the Dungeon)

   [ring of resist corrosion]

   Str+4:     It affects your strength (+4).
   rCorr:     It protects you from acid and corrosion.
 I - a ring of protection from cold (left hand)
 V - a ring of poison resistance
Wands
 c - a wand of digging (8)
 f - a wand of iceblast (20)
 D - a wand of flame (8)
 F - a wand of charming (11)
 J - a wand of acid (9)
 M - a wand of polymorph (6)
Scrolls
 b - a scroll of enchant armour {unknown}
 e - 2 scrolls of amnesia
 i - 7 scrolls of immolation
 j - 3 scrolls of fog
 k - a scroll of blinking {unknown}
 m - 3 scrolls of vulnerability
 n - a scroll of revelation
 o - 7 scrolls of teleportation
 v - a scroll of fear {unknown}
 w - 2 scrolls of noise
 y - a scroll of torment
 K - a scroll of poison
Potions
 d - 2 potions of might
 g - 2 potions of lignification
 p - 4 potions of resistance
 s - 4 potions of attraction
 t - a potion of mutation {unknown}
 z - 3 potions of haste
 A - a potion of magic {unknown}
 G - 6 potions of curing
 H - 2 potions of degeneration {unknown}
 L - 3 potions of heal wounds
 N - 2 potions of berserk rage {unknown}
 T - a potion of invisibility {unknown}
Miscellaneous
 P - a phantom mirror


   Skills:
 + Level 13.3 Fighting
 * Level 17.3 Axes
 + Level 9.5 Throwing
 + Level 9.6 Armour
 + Level 7.9 Dodging
 + Level 9.6 Shields


You had 12 spell levels left.
You didn't know any spells.
Your spell library contained the following spells:

 Spells                   Type           Power      Damage    Failure   Level
 Foxfire                  Conj/Fire      0%         2x1d4     100%        1
 Slow                     Hex            0%         N/A       100%        1
 Blink                    Tloc           0%         N/A       100%        2
 Ensorcelled Hibernation  Hex/Ice        0%         N/A       100%        2
 Lesser Beckoning         Tloc           0%         N/A       100%        2
 Momentum Strike          Conj/Tloc      0%         3d8       100%        2
 Scorch                   Fire           0%         2d5       100%        2
 Confusing Touch          Hex            0%         N/A       100%        3
 Fugue of the Fallen      Necr           0%         N/A       100%        3
 Sigil of Binding         Hex            0%         N/A       100%        3
 Vampiric Draining        Necr           0%         2d6       100%        3
 Anguish                  Hex/Necr       0%         N/A       100%        4
 Flame Wave               Conj/Fire      0%         2d4       100%        4
 Plasma Beam              Fire/Air       0%         2x1d10    100%        6
 Starburst                Conj/Fire      0%         6d3       100%        6
 Summon Cactus Giant      Summ           0%         N/A       100%        6


Dungeon Overview and Level Annotations

Branches:
Dungeon (11/15)            Temple (1/1) D:7            Lair (4/5) D:10
 Shoals (0/4) Lair:3        Snake (0/4) Lair:2        Slime (0/5) Lair:4
    Orc (0/2) D:11          IceCv (visited)

Altars:
Ashenzari
Cheibriados
Dithmenos
Elyvilon
Fedhas
Gozag
Hepliaklqana
Kikubaaqudgha
Makhleb
Nemelex Xobeh
Okawaru
Qazlal
Ru
Sif Muna
Trog
Uskayaw
Vehumet
Wu Jian
Xom
Yredelemnul
Zin
The Shining One
Jiyva

Shops:
D:7 =   D:8 !   D:9 *

Annotations:
Lair:4 Nessos


Innate Abilities, Weirdness & Mutations

You have a pair of horns on your head.
You reflexively headbutt those who attack you in melee.
Armour fits poorly on your strangely shaped body.


Message History

Nessos looks as sick as possible!
Nessos is lightly wounded.
You feel very sick.
Nessos shoots an arrow.
You block the arrow.
Nessos shoots an arrow.
You block the arrow.
Nessos shoots an arrow.
You block the arrow.
Throw: 18 darts (poison)
Press: ? - help, Q - select action, (/) - cycle Shift-Dir - straight line, f/p - Nessos
Aim: Nessos, wielding a +3 longbow of flaming and wearing a +2 barding of fire resistance (lightly wounded, fast, extremely poisoned, 76% to hit)
You throw a poisoned dart. The poisoned dart hits Nessos!
Nessos looks as sick as possible!
Nessos is lightly wounded.
You feel yourself speed up.
You feel sick.
Nessos shoots an arrow.
You block the arrow.
Nessos shoots an arrow.
The arrow hits you! The arrow burns you.
Being near the torpor snail leaves you feeling lethargic.
You feel sick.
Nessos shoots an arrow.
The arrow hits you! The arrow burns you.
You are more poisoned.
You feel extremely sick.
Nessos shoots an arrow.
The arrow hits you!
* * * LOW HITPOINT WARNING * * *
The arrow burns you.
* * * LOW HITPOINT WARNING * * *
Nessos shoots an arrow.
The arrow hits you!
* * * LOW HITPOINT WARNING * * *
The arrow burns you!
* * * LOW HITPOINT WARNING * * *
You feel better.
Nessos gestures wildly while chanting.
Nessos blinks!
Nessos shoots an arrow.
You block the arrow.
Nessos gestures wildly while chanting.
Nessos blinks!
Nessos casts a spell.
Nessos blinks!
Nessos shoots an arrow.
You block the arrow. The torpor snail bites you.
* * * LOW HITPOINT WARNING * * *
Nessos shoots an arrow.
The arrow hits you but does no damage.
As you read the scroll of fog, it dissolves into smoke.
Nessos shoots an arrow.
The arrow hits you.
You die...
Your body crumbles into a pile of gold.

######.#### ###########...#.###.c
...###..#.###....#..#..#..##.##..
............................c.#.>
#.###..#.#.##.:....##...###..#...
### ####..#####.####...#.##..##..
#..## #..####c#.####.##..c # ###
##.######§##c§.### #$##...
###.###....##.#§§§§.8..# #.#..§.
..............§§@w#..(..# .#...§.
.####P##.##.##§§#§###.....#..D..#
.# ###P.######§.## ##....§..##.
## #... ##§## ...8... . # ##.##
#..# ...§.. . # ..# #P.## 8...8.
. # ..^ ##..### .(... . . ...
#..#.P### .)8. . . ##......#


You could see Nessos (fast, extremely poisoned) and a torpor snail.

Vanquished Creatures
  A reaper (IceCv)
  Josephine (Lair:4)
  3 hydras
  A boulder beetle (Lair:1)
  2 skysharks
  An ugly thing (D:8)
  A cyclops (D:11)
  6 elephants
  2 ice statues (IceCv)
  Joseph (D:8)
  4 cane toads
  A torpor snail (Lair:4)
  6 komodo dragons
  3 rime drakes
  3 kobold demonologists (D:11)
  2 anaconda simulacra (IceCv)
  5 ice devils
  4 polar bears
  A troll (D:10)
  12 dream sheep
  20 blink frogs
  A spriggan (Lair:4)
  3 shadows
  A dire elephant simulacrum (IceCv)
  36 yaks
  5 wraiths (Lair:4)
  3 wyverns
  A steam dragon (D:8)
  2 basilisks
  6 vampire mosquitoes
  Grum (D:11)
  2 harpy simulacra (IceCv)
  A naga (Lair:2)
  An acid dragon (D:11)
  17 water moccasins
  10 orc warriors
  Pargi (D:3)
  2 ice beasts
  3 black bears
  An ogre (D:5)
  12 wolves
  4 centaurs
  5 kobold brigands
  10 bullfrogs
  A necrophage (D:5)
  2 two-headed ogre simulacra (IceCv)
  A cane toad simulacrum (IceCv)
  A gnoll sergeant (D:9)
  3 scorpions
  10 wights
  3 killer bees (D:6)
  An elephant simulacrum (IceCv)
  4 howler monkeys
  4 electric eels
  2 bombardier beetles
  7 hounds
  10 orc priests
  A sleepcap (D:6)
  A jelly (D:6)
  3 iguanas
  12 orc wizards
  3 troll simulacra (IceCv)
  4 spriggan simulacra (IceCv)
  A wolf simulacrum (IceCv)
  A hound skeleton (D:5)
  9 gnolls
  7 adders
  A naga simulacrum (IceCv)
  2 white imps (IceCv)
  3 ufetubi
  A ribbon worm (D:2)
  3 dart slugs
  57 orcs
  10 ball pythons
  10 bats
  6 endoplasms
  3 giant cockroaches
  11 goblins
  5 hobgoblins
  4 jackals (D:4)
  8 quokkas
  A frilled lizard (D:1)
  36 kobolds
  9 rats
469 creatures vanquished.

Vanquished Creatures (others)
  An adder (D:3)
  An orc (D:7)
  An endoplasm (D:3)
  A jackal (D:3)
  A ball python (D:3)
  A kobold (D:3)
6 creatures vanquished.

Grand Total: 475 creatures vanquished

Notes
Turn   | Place    | Note
-------+----------+-------------------------------------------
     0 | D:1      | BillyBaka the Minotaur Fighter began the quest for the Orb.
     0 | D:1      | Reached XP level 1. HP: 19/19 MP: 0/0
    19 | D:1      | Reached skill level 3 in Axes
    19 | D:1      | Reached XP level 2. HP: 18/27 MP: 1/1
   184 | D:1      | Reached XP level 3. HP: 33/33 MP: 2/2
   462 | D:1      | Reached skill level 4 in Axes
   949 | D:2      | Found a faded altar of an unknown god.
  1229 | D:2      | Reached XP level 4. HP: 35/41 MP: 3/3
  1393 | D:3      | Found a basalt altar of Yredelemnul.
  1461 | D:3      | Found an ornate altar of the Wu Jian Council.
  1465 | D:3      | Found an opulent altar of Gozag.
  1500 | D:3      | Became a worshipper of Gozag Ym Sagoz the Greedy
  1566 | D:3      | Reached skill level 5 in Axes
  1570 | D:3      | Reached skill level 5 in Fighting
  1570 | D:3      | Reached XP level 5. HP: 25/48 MP: 4/4
  2010 | D:3      | Noticed Pargi
  2024 | D:3      | Killed Pargi
  2025 | D:3      | Reached skill level 6 in Axes
  2157 | D:3      | Found a shimmering altar of Xom.
  2164 | D:3      | Reached XP level 6. HP: 56/56 MP: 5/5
  2878 | D:4      | Reached skill level 7 in Axes
  2934 | D:4      | Found an ancient bone altar of Kikubaaqudgha.
  3273 | D:5      | Entered Level 5 of the Dungeon
  3285 | D:5      | Noticed an orc warrior
  3612 | D:5      | Found a burning altar of Makhleb.
  3628 | D:5      | Reached XP level 7. HP: 55/63 MP: 6/6
  3688 | D:5      | Reached skill level 8 in Axes
  4129 | D:5      | Reached skill level 9 in Axes
  4270 | D:5      | Reached XP level 8. HP: 64/73 MP: 7/7
  4491 | D:5      | Reached skill level 1 in Throwing
  5386 | D:6      | Found a stormy altar of Qazlal.
  5396 | D:6      | Reached skill level 10 in Axes
  5526 | D:6      | Identified the ring "Vuigiah" {rCorr Str+4}
  6255 | D:6      | Reached skill level 11 in Axes
  6256 | D:6      | Reached XP level 9. HP: 43/82 MP: 8/8
  6510 | D:7      | Found Ocad's Jewellery Shoppe.
  6683 | D:7      | Found a staircase to the Ecumenical Temple.
  6689 | Temple   | Entered the Ecumenical Temple
  7246 | D:8      | Noticed Joseph
  7627 | D:8      | Killed Joseph
  7628 | D:8      | Reached skill level 12 in Axes
  8193 | D:8      | Reached skill level 5 in Throwing
  8250 | D:8      | Found Rozir's Distillery.
  8258 | D:8      | Bought a potion of haste for 130 gold pieces
  8258 | D:8      | Bought a potion of heal wounds for 65 gold pieces
  8258 | D:8      | Bought a potion of curing for 39 gold pieces
  8258 | D:8      | Bought a potion of heal wounds for 65 gold pieces
  8314 | D:8      | Noticed a green ugly thing
  8327 | D:8      | Killed a green ugly thing
  8531 | D:8      | Reached skill level 13 in Axes
  8718 | D:9      | Found a bloodstained altar of Trog.
  8770 | D:9      | Reached XP level 10. HP: 93/93 MP: 9/9
  8776 | D:9      | Found a radiant altar of Vehumet.
  8851 | D:9      | Reached skill level 10 in Fighting
  8857 | D:9      | Reached skill level 1 in Dodging
  9376 | D:9      | Found a snail-covered altar of Cheibriados.
  9548 | D:9      | Found Siarozink's Assorted Antiques.
  9575 | D:9      | Bought a potion of curing for 63 gold pieces
  9575 | D:9      | Bought 2 potions of heal wounds for 210 gold pieces
  9575 | D:9      | Bought a potion of haste for 210 gold pieces
  9575 | D:9      | Bought a scroll of identify for 42 gold pieces
  9575 | D:9      | Bought a broad axe for 84 gold pieces
 10090 | D:10     | Entered Level 10 of the Dungeon
 10108 | D:10     | Reached skill level 5 in Armour
 10108 | D:10     | Reached skill level 5 in Shields
 10811 | D:10     | Found a shimmering blue altar of Sif Muna.
 10856 | D:10     | Reached XP level 11. HP: 54/101 MP: 10/10
 10860 | D:10     | Reached skill level 14 in Axes
 11092 | D:10     | Found a staircase to the Lair.
 11585 | D:11     | Noticed Grum
 12012 | D:11     | Killed Grum
 12484 | D:11     | Noticed a sixfirhy
 12504 | D:11     | Noticed a sun demon
 12507 | D:11     | Gained mutation: Armour fits poorly on your strangely
                  | shaped body. [a neqoxec]
 13098 | D:11     | Noticed a soul eater
 13360 | D:11     | Found a staircase to the Orcish Mines.
 13548 | Lair:1   | Entered Level 1 of the Lair of Beasts
 13657 | Lair:1   | Reached skill level 5 in Dodging
 13832 | Lair:1   | Reached skill level 15 in Axes
 14142 | Lair:1   | Noticed a four-headed hydra
 14152 | Lair:1   | Killed a four-headed hydra
 14153 | Lair:1   | Reached XP level 12. HP: 77/111 MP: 11/11
 14280 | Lair:1   | Identified the +0 ring mail of the Endless Expanse {rN++
                  | Slay-6}
 14501 | Lair:1   | Noticed a boulder beetle
 14524 | Lair:1   | Killed a boulder beetle
 15432 | Lair:2   | Noticed a six-headed hydra
 15705 | Lair:2   | Killed a six-headed hydra
 15940 | Lair:2   | Reached skill level 16 in Axes
 16221 | Lair:2   | Found a staircase to the Snake Pit.
 16458 | Lair:2   | Identified the +7 long sword "Basofim" {pain, rPois rF+
                  | rC+++ Dex-5}
 16537 | Lair:2   | You fall into a shaft and drop 1 floor!
 16582 | Lair:3   | Found a frozen archway.
 16698 | IceCv    | Entered an ice cave
 17394 | IceCv    | Reached XP level 13. HP: 109/119 MP: 12/12
 17530 | IceCv    | Noticed a reaper
 17567 | IceCv    | Killed a reaper
 18236 | Lair:3   | Found a staircase to the Shoals.
 19555 | Lair:4   | Reached skill level 17 in Axes
 19708 | Lair:4   | Noticed Josephine
 19734 | Lair:4   | Killed Josephine
 19777 | Lair:4   | Found a staircase to the Slime Pits.
 19777 | Lair:4   | Found a viscous altar of Jiyva.
 20125 | Lair:4   | Noticed Nessos
 20667 | Lair:4   | HP: 4/122 [Nessos/arrow (8)]
 20670 | Lair:4   | Shot with an arrow by Nessos

Illustrated notes

Levels and vault maps discovered:
D:1:      dpeg_arrival_central, layout_loops_ring, minmay_vboxes
D:2:      layout_rooms, shapermc_ecumenical_altar_acropolis, dk_noncrumbling_3,
          kennysheep_generic_room_16
D:3:      layout_loops_ring, xom_confusion_cloud, grunt_temple_overflow_open,
          lemuel_tele_altar, kennysheep_generic_room_9, uniq_pargi
D:4:      layout_basic, kiku_gazebo_garden_becter
D:5:      minmay_inner_zag, layout_basic, makhleb_blood_cavern_becter
D:6:      layout_basic, mainiacjoe_overflow_alcove_4
D:7:      layout_rooms, minmay_temple_entry_hall,
          minmay_shop_enchanted_jewellery
D:8:      layout_rooms, serial_shops, nicolae_shop_industrial_runoff,
          uniq_joseph
D:9:      layout_small_grid, mainiacjoe_overflow_alcove_2,
          mainiacjoe_overflow_concentric_impassable,
          nicolae_overflow_crystal_walls, serial_shops, nicolae_shop_peninsula,
          grunt_decor_mini_mirrors
D:10:     layout_irregular_city, hellmonk_sif_muna_bookshelves,
          david_lair_shrubbed
D:11:     layout_basic, erik_orc_2, uniq_grum
Temple:   hellmonk_temple_of_storms
Lair:1:   layout_hall_layers, infiniplex_staircase_pool
Lair:2:   layout_regular_city, guppyfry_snake_entry_island, serial_rivers,
          chequers_serial_rivers_small_3, chequers_serial_rivers_small_a,
          chequers_serial_rivers_marsh, chequers_serial_rivers_large_a,
          chequers_serial_rivers_large_b, grunt_megastairs_3, lemuel_fruit_tree
Lair:3:   layout_long_grid, elwin_shoals_entry_rocks,
          portal_ice_cave_demonic_guard
Lair:4:   layout_small_grid, slime_entry_1, serial_bayou_pond_e,
          grunt_forest_stairs_clearing, serial_bayou_shore_b,
          grunt_megastairs_4, uniq_nessos, uniq_josephine

Skill      XL: |  1  2  3  4  5  6  7  8  9 10 11 12 13 |
---------------+----------------------------------------+-----
Axes           | 3 4 5 6 7 9 11 13 15 16 17 | 17.3
Fighting       | 4 5 6 7 8 9 10 11 12 13 | 13.3
Throwing       | 3 5 6 7 8 9 |  9.5
Dodging        | 3 5 6 7 |  7.9
Armour         | 5 7 8 9 |  9.6
Shields        | 5 7 8 9 |  9.6

Action                     |  1- 3 |  4- 6 |  7- 9 | 10-12 | 13-15 || total
---------------------------+-------+-------+-------+-------+-------++-------
  Melee: War axe           |    90 |   117 |   216 |    74 |       ||   497
         Headbutt          |     9 |    16 |    42 |   105 |    44 ||   216
         Broad axe         |       |       |       |   434 |   205 ||   639
  Throw: Dart              |       |     7 |    89 |    58 |    37 ||   191
         Boomerang         |       |       |     3 |   311 |       ||   314
         Javelin           |       |       |       |     6 |    44 ||    50
    Use: Potion            |       |       |     1 |     3 |    12 ||    16
         Scroll            |       |       |     6 |     9 |     6 ||    21
   Stab: Distracted        |       |       |     1 |     1 |     1 ||     3
 Armour: Scale mail        |    76 |    48 |       |       |       ||   124
         Chain mail        |       |    52 |   187 |    53 |       ||   292
         Plate armour      |       |       |       |   315 |   180 ||   495
  Dodge: Dodged            |    41 |    40 |    80 |   178 |    52 ||   391
  Block: Buckler           |    17 |    27 |    37 |   107 |     6 ||   194
         Tower shield      |       |       |       |       |   164 ||   164
